 Dungeon Crawl Stone Soup version 0.30-a0-862-g1aabd4f9c5 (webtiles) character file.

Game seed: 6122763095181614924

206 bande the Shield-Bearer (level 5, 26/26 HPs)
             Began as a Gargoyle Fighter on Mar 10, 2023.
             Quit the game on level 5 of the Dungeon.
             The game lasted 00:07:32 (3345 turns).

bande the Shield-Bearer (Gargoyle Fighter)          Turns: 3345, Time: 00:07:32

Health: 26/26      AC: 12    Str: 18    XL:     5   Next: 84%
Magic:  5/5        EV:  9    Int:  8    God:
Gold:   147        SH:  6    Dex: 21    Spells: 4/4 levels left

rFire   . . .      SeeInvis .    a - +1 war axe (chaos)
rCold   . . .      Faith    +    c - +0 buckler
rNeg    + . .      Spirit   .    b - +0 scale mail
rPois   ∞          Reflect  .    (no helmet)
rElec   +          Rampage  .    (no cloak)
rCorr   .                        l - +0 pair of gloves
Will    .....                    (no boots)
Stlth   +                        f - amulet of faith
HPRegen 0.24/turn                k - +6 ring of dexterity
MPRegen 0.09/turn                (no ring)

@: no status effects
A: sickness immunity, AC +4, negative energy resistance 1, electricity
resistance, torment resistance 1, petrification resistance, agile 1, frail 2
a: no special abilities


You were on level 5 of the Dungeon.
You visited 1 branch of the dungeon, and saw 5 of its levels.

You collected 147 gold pieces.

Inventory:

Hand Weapons
 a - a +1 war axe of chaos (weapon)
 i - a +0 war axe
 r - a +0 flail
Armour
 b - a +0 scale mail (worn)
 c - a +0 buckler (worn)
 l - a +0 pair of gloves (worn)
Jewellery
 f - an amulet of faith (around neck)
 k - a +6 ring of dexterity (left hand)
 m - a ring of ice
 t - a ring of wizardry
 x - an amulet of magic regeneration
Wands
 u - a wand of polymorph (6)
Scrolls
 o - 2 scrolls of teleportation
 w - 2 scrolls of fog
Potions
 d - 2 potions of might
 e - 2 potions of ambrosia {unknown}
 g - a potion of lignification {unknown}
 h - 2 potions of heal wounds
 j - 2 potions of cancellation
 n - 2 potions of magic
 q - a potion of attraction {unknown}
 s - a potion of flight {unknown}
 z - 2 potions of curing {unknown}
 A - a potion of haste {unknown}


   Skills:
 + Level 4.0 Fighting
 + Level 3.5 Axes
 + Level 4.1 Armour
 + Level 1.0 Stealth
 + Level 4.2 Shields
 * Level 1.1 Evocations


You had 4 spell levels left.
You didn't know any spells.
Your spell library contained the following spells:

 Spells                   Type           Power      Damage    Failure   Level
 Beastly Appendage        Tmut           0%         N/A       86%         1
 Ensorcelled Hibernation  Hex/Ice        0%         N/A       95%         2
 Passwall                 Tmut/Erth      0%         N/A       95%         2
 Wereblood                Tmut           0%         N/A       95%         2
 Hailstorm                Conj/Ice       0%         3d3       99%         3
 Spider Form              Tmut/Pois      0%         N/A       99%         3
 Swiftness                Air            0%         N/A       99%         3
 Ice Form                 Ice/Tmut       0%         N/A       100%        4
 Simulacrum               Ice/Necr       0%         N/A       100%        6


Dungeon Overview and Level Annotations

Branches:
Dungeon (5/15)
 Temple: D:4-7

Altars:
The Shining One


Innate Abilities, Weirdness & Mutations

You are immune to sickness and miasma.
Your stone body is resilient. (AC +4)
You are immune to poison.
You resist negative energy. (rN+)
You are resistant to electric shocks. (rElec)
You are resistant to unholy torment.
You are immune to petrification.
You are agile. (Dex +4, Str/Int -1)
You are very frail. (-20% HP)


Message History

You climb downwards.
There is a stone staircase leading up here.
Found a glowing golden altar of the Shining One.
Found a stone staircase leading up.
An ufetubus comes into view.
Found a scroll labelled DIUFYR SAKIXAM.
You miss the ufetubus.
The ufetubus hits you but does no damage.
You block the ufetubus's attack.
You hit the ufetubus but do no damage.
The ufetubus is poisoned.
The ufetubus closely misses you.
The ufetubus hits you but does no damage. x2
You block the ufetubus's attack. The ufetubus barely misses you.
The ufetubus hits you but does no damage.
You hit the ufetubus.
The ufetubus looks as sick as possible!
The ufetubus is lightly wounded.
You kill the ufetubus!
No target in view!
No target in view!
No target in view!
No target in view!
No target in view!
v - a scroll labelled DIUFYR SAKIXAM
y - 2 scrolls of identify
As you read the scroll labelled DIUFYR SAKIXAM, it crumbles to dust.
It is a scroll of enchant weapon.
Your +0 war axe of chaos glows red for a moment.
As you read the scroll of identify, it crumbles to dust.
h - 2 potions of heal wounds
As you read the scroll of identify, it crumbles to dust.
p - 2 potions of mutation Really quaff the potion of mutation?
You feel extremely strange.
You feel yourself wasting away.
Your thoughts seem clearer.
You feel resistant to cold.
Really quaff the potion of mutation?
You feel extremely strange.
You no longer feel cold resistant.
Your thinking seems confused.
You feel healthier.
You feel agile.
You feel frail. x2
Are you sure you want to abandon this character and quit the game? (Confirm with "yes".)

## ###### #. #....#
#. #....### #.
######....... #.
#..@##....# ######.
+...##....# #......
#........# #.#....
##.####..# #.#....
#.# #..# #.#....
..# ##..#####.#.##.
####
#<........#.##.
................###
#################


There were no monsters in sight!

Vanquished Creatures
  Terence (D:3)
  An orc wizard (D:4)
  4 gnolls (D:3)
  2 adders
  An ufetubus (D:5)
  2 worms (D:2)
  2 dart slugs
  6 orcs
  4 ball pythons
  3 bats
  4 endoplasms (D:2)
  4 giant cockroaches
  10 goblins
  7 hobgoblins
  6 jackals
  3 quokkas
  4 frilled lizards
  6 kobolds
  7 rats
77 creatures vanquished.

Notes
Turn   | Place    | Note
-------+----------+-------------------------------------------
     0 | D:1      | bande the Gargoyle Fighter began the quest for the Orb.
     0 | D:1      | Reached XP level 1. HP: 14/14 MP: 1/1
    56 | D:1      | Reached XP level 2. HP: 19/19 MP: 2/2
   350 | D:1      | Reached XP level 3. HP: 19/23 MP: 3/3
  1348 | D:2      | Found a faded altar of an unknown god.
  2059 | D:3      | Reached XP level 4. HP: 28/28 MP: 4/4
  2064 | D:3      | Reached skill level 1 in Stealth
  2296 | D:3      | Noticed Terence
  2308 | D:3      | Killed Terence
  2309 | D:3      | Reached XP level 5. HP: 31/33 MP: 5/5
  2960 | D:4      | Reached skill level 1 in Evocations
  3259 | D:5      | Entered Level 5 of the Dungeon
  3284 | D:5      | Found a glowing golden altar of the Shining One.
  3343 | D:5      | Gained mutation: Your body sometimes deteriorates upon
                  | taking damage. [potion of mutation]
  3343 | D:5      | Gained mutation: You possess an exceptional clarity of
                  | mind. [potion of mutation]
  3343 | D:5      | Gained mutation: Your flesh is cold resistant. (rC+)
                  | [potion of mutation]
  3344 | D:5      | Lost mutation: Your flesh is cold resistant. (rC+) [potion
                  | of mutation]
  3344 | D:5      | Lost mutation: You possess an exceptional clarity of mind.
                  | [potion of mutation]
  3344 | D:5      | Lost mutation: Your body sometimes deteriorates upon taking
                  | damage. [potion of mutation]
  3344 | D:5      | Gained mutation: You are agile. (Dex +4, Str/Int -1)
                  | [potion of mutation]
  3344 | D:5      | Gained mutation: You are frail. (-10% HP) [potion of
                  | mutation]
  3344 | D:5      | Gained mutation: You are very frail. (-20% HP) [potion of
                  | mutation]
  3345 | D:5      | Quit the game

Illustrated notes

Levels and vault maps discovered:
D:1:      ncdulo_smallfort, layout_loops_ring, hangedman_glass_teeth,
          minmay_surrounded
D:2:      layout_basic, hellmonk_ecumenical_altar_leap_of_faith, minivault_23
D:3:      layout_loops_corners, serial_bayou_pond_e, hangedman_feature_mirror,
          corexii_corridor_pit, uniq_terence
D:4:      layout_cave_pools
D:5:      layout_basic, tso_metal_star, chequers_serial_rivers_room_a,
          uniq_menkaure

Skill      XL: |  1  2  3  4  5 |
---------------+----------------+-----
Axes           | 2 3 |  3.5
Stealth        | 1 |  1.0
Shields        | 4 |  4.2
Armour         | 4 |  4.1
Evocations     | 1 |  1.1
Fighting       | 4 |  4.0

Action                     |  1- 3 |  4- 6 || total
---------------------------+-------+-------++-------
  Melee: War axe           |   118 |    77 ||   195
    Use: Scroll            |     5 |     6 ||    11
         Potion            |       |     2 ||     2
 Armour: Scale mail        |    61 |    48 ||   109
  Dodge: Dodged            |    60 |    39 ||    99
  Block: Buckler           |    28 |    23 ||    51

Table legend: (Time is in decaauts)
 A = Elapsed time spent in this place.
 B = Non-inter-level travel time spent in this place.
 C = Inter-level travel time spent in this place.
 D = Time resting spent in this place.
 E = Time spent auto-exploring this place.
 F = Levels seen in this place.
 G = Mean time per level.
                   A        B        C        D        E       F      G
               +--------+--------+--------+--------+--------+-----+--------+
         Total |   3429 |   3370 |     59 |    294 |   2463 |   5 |  685.8 |
       Dungeon |   3429 |   3370 |     59 |    294 |   2463 |   5 |  685.8 |
               +--------+--------+--------+--------+--------+-----+--------+

Top non-repeatable levels by time:
     D:3: 993 daAuts
     D:2: 985 daAuts
     D:1: 808 daAuts
     D:4: 555 daAuts
     D:5: 86 daAuts
